[Event "Titled Tuesday Blitz June 6 Early 2023"]
[White "Zenin, Dmitry"]
[Black "Ashraf, Artin"]
[WhiteFideId "4127897"]
[BlackFideId "22514805"]
[WhiteElo "2215"]
[BlackElo "2224"]
[Result "0-1"]
[Round "2"]
[TimeControl "180+2"]
[Date "2023.06.06"]
[WhiteClock "0:00:01"]
[BlackClock "0:00:04"]
[Board "77"]

1. d4 d5 2. c4 dxc4 3. e3 a6 4. Bxc4 e6 5. Nf3 Nf6 6. O-O Nbd7 7. Nc3 b5 8. Bd3 c5 9. dxc5 Bxc5 10. e4 Bb7 11. e5 Ng4 12. Ne4 Qb6 13. Nxc5 Qxc5 14. Bf4 Ngxe5 15. Be2 Nxf3+ 16. Bxf3 Qb6 17. Rc1 Bxf3 18. Qxf3 O-O 19. Rfd1 Nf6 20. Be5 Nd5 21. Qg3 f6 22. Bd4 Qb7 23. Qf3 Rac8 24. a3 Rc4 25. Rxc4 bxc4 26. h4 Rc8 27. Qe4 Qf7 28. Re1 e5 29. Bc3 Nf4 30. g3 Nd3 31. Rd1 h5 32. Rd2 Nc5 33. Qe3 Nd3 34. Qe4 Qe6 35. Qf3 Qc6 36. Qxh5 Ne1 37. Kf1 Nf3 38. Re2 Nh2+ 39. Ke1 Nf3+ 40. Kd1 Rd8+ 41. Kc1 Qa4 42. Rd2 Nxd2 43. Bxd2 Qd7 44. Qe2 Qd3 45. Qe1 Qb3 46. Bc3 Qa2 47. Kc2 Qb3+ 48. Kc1 Qb7 49. Kc2 Rd3 50. Qe2 Qd7 51. Kc1 Qd5 52. Kc2 Qh1 53. Qg4 Qf3 54. Qc8+ Kh7 0-1


[Site "https://www.chess.com"]

[Event "Titled Tuesday Blitz June 6 Early 2023"]
[White "Kleiman, Jake"]
[Black "Mihailidis, Anastasios"]
[WhiteFideId "2020041"]
[BlackFideId "4205588"]
[WhiteElo "2673"]
[BlackElo "2312"]
[Result "1-0"]
[Round "2"]
[TimeControl "180+2"]
[Date "2023.06.06"]
[WhiteClock "0:01:05"]
[BlackClock "0:01:04"]
[Board "78"]

1. e4 c5 2. c3 d5 3. exd5 Qxd5 4. d4 Nf6 5. Nf3 g6 6. Na3 Bg7 7. Nb5 Na6 8. Be3 cxd4 9. Qxd4 Qxd4 10. Bxd4 Bd7 11. Nxa7 O-O 12. Nb5 Bxb5 13. Bxb5 Nc7 14. Bc4 e6 15. O-O Nfd5 16. Rfd1 b5 17. Bb3 Bxd4 18. Nxd4 Kg7 19. g3 b4 20. c4 Ne7 21. c5 Ncd5 22. Rac1 Rfc8 23. Rc2 Ra5 24. Rdc1 Nc6 25. Nxc6 Rxc6 26. Kg2 Kf6 27. Kf3 Nc7 28. Ke4 Ke7 29. Rc4 Na6 30. Kd4 f6 31. f4 e5+ 32. fxe5 fxe5+ 33. Kxe5 Rcxc5+ 34. Rxc5 Rxc5+ 35. Rxc5 Nxc5 36. Kd4 Na6 37. Bc4 Nb8 38. Bb5 Kd6 39. Kc4 Kc7 40. Kxb4 Kb6 41. a4 g5 42. a5+ Kb7 43. Kc5 h5 44. b4 h4 45. g4 Kc7 46. Kd5 Kb7 47. Ke5 Kc7 48. Kf5 h3 49. Kxg5 Nc6 50. Bxc6 Kxc6 51. Kf6 Kb5 52. g5 Kxb4 53. g6 Kxa5 54. g7 Kb5 55. g8=Q Kb4 56. Qd5 Kc3 57. Ke5 Kb2 58. Ke4 Kc3 59. Qd4+ Kb3 60. Qc5 Kb2 61. Kd3 Kb1 62. Qc2+ Ka1 63. Qd2 Kb1 64. Ke3 Ka1 65. Kf2 Kb1 66. Ke1 Ka1 67. Kd1 Kb1 68. Qc3 Ka2 69. Qb4 Ka1 70. Kc1 Ka2 71. Qa4# 1-0


[Site "https://www.chess.com"]

[Event "Titled Tuesday Blitz June 6 Early 2023"]
[White "Nikologorsky, Matfei"]
[Black "Domingo Nunez, Ruben"]
[WhiteFideId "24102474"]
[BlackFideId "22245570"]
[WhiteElo "2153"]
[BlackElo "2404"]
[Result "1-0"]
[Round "2"]
[TimeControl "180+2"]
[Date "2023.06.06"]
[WhiteClock "0:02:10"]
[BlackClock "0:02:43"]
[Board "79"]

1. e4 g6 2. d4 Bg7 3. h4 d5 4. e5 c5 5. c3 cxd4 6. cxd4 Nc6 7. h5 Qb6 8. h6 Bf8 9. Ne2 Bf5 10. Nbc3 Nb4 11. Qa4+ Qc6 12. Qxb4 f6 13. Ng3 Be6 14. Bb5 1-0


[Site "https://www.chess.com"]

[Event "Titled Tuesday Blitz June 6 Early 2023"]
[White "Souleidis, Georgios"]
[Black "Da Silva, Lindolfo Luiz"]
[WhiteFideId "4206827"]
[BlackFideId "2106558"]
[WhiteElo "2401"]
[BlackElo "2362"]
[Result "1-0"]
[Round "2"]
[TimeControl "180+2"]
[Date "2023.06.06"]
[WhiteClock "0:00:25"]
[BlackClock "0:00:18"]
[Board "80"]

1. e4 c5 2. Be2 Nc6 3. d3 g6 4. f4 Bg7 5. Nf3 e6 6. O-O Nge7 7. c3 O-O 8. Be3 d6 9. d4 cxd4 10. cxd4 d5 11. e5 Nf5 12. Bf2 h5 13. Qd2 Bd7 14. Nc3 a6 15. Rac1 b5 16. b3 Qb6 17. g3 Rfc8 18. h3 Nh6 19. Nh2 f6 20. g4 hxg4 21. hxg4 f5 22. g5 Nf7 23. Nf3 Kf8 24. Kg2 Nh8 25. Rh1 Kf7 26. Rh7 Rg8 27. Rch1 Be8 28. Nd1 Nb8 29. Nb2 Nd7 30. Nd3 Rc8 31. Nc5 Nf8 32. R7h2 Nd7 33. Be3 Kf8 34. Rc1 Nf7 35. Nxe6+ Qxe6 36. Rxc8 Ke7 37. Rc2 Nd8 38. Ne1 Bf8 39. Rh7+ Rg7 40. Rxg7+ Bxg7 41. Nd3 Bf8 42. Nc5 Nxc5 43. Rxc5 Kf7 44. Rc7+ Kg8 45. Qc1 Nc6 46. Bf3 Bb4 47. Kg3 Ba5 48. Rb7 Nb4 49. a3 Nc6 50. b4 Bd8 51. Qh1 Be7 52. Bxd5 1-0


[Site "https://www.chess.com"]

[Event "Titled Tuesday Blitz June 6 Early 2023"]
[White "Rosenberg, Evan S"]
[Black "Korchmar, Vasiliy"]
[WhiteFideId "2019299"]
[BlackFideId "24131750"]
[WhiteElo "2342"]
[BlackElo "2370"]
[Result "0-1"]
[Round "2"]
[TimeControl "180+2"]
[Date "2023.06.06"]
[WhiteClock "0:00:06"]
[BlackClock "0:00:21"]
[Board "81"]

1. d4 d5 2. Nf3 Nf6 3. Bg5 Ne4 4. Bh4 f6 5. Nc3 h5 6. Bg3 g5 7. h4 Nxg3 8. fxg3 g4 9. Nd2 Qd6 10. Kf2 e5 11. e3 Nc6 12. Bb5 Bd7 13. Bxc6 Bxc6 14. Rf1 Bh6 15. Qe2 O-O-O 16. Kg1 Rde8 17. Qd3 exd4 18. exd4 Bxd2 19. Qxd2 Qxg3 20. Rxf6 Qxh4 21. Qf4 Rh7 22. Rf1 Rhe7 23. Qf5+ Kb8 24. Rf8 g3 25. Rxe8+ Rxe8 26. Qh3 Qxd4+ 27. Kh1 h4 28. Qf5 a6 29. a3 Qd2 30. Qf6 d4 31. Nb1 Qxg2# 0-1


[Site "https://www.chess.com"]

[Event "Titled Tuesday Blitz June 6 Early 2023"]
[White "Bodi, Tibor"]
[Black "Li, Hui"]
[WhiteFideId "701084"]
[BlackFideId "15400310"]
[WhiteElo "2187"]
[BlackElo "1966"]
[Result "1-0"]
[Round "2"]
[TimeControl "180+2"]
[Date "2023.06.06"]
[WhiteClock "0:00:39"]
[BlackClock "0:00:03"]
[Board "82"]

1. e4 e5 2. Nf3 Nf6 3. d4 exd4 4. e5 Ne4 5. Qxd4 d5 6. exd6 Nxd6 7. Bg5 f6 8. Be3 Nc6 9. Qd2 Qe7 10. Nc3 Be6 11. Nb5 O-O-O 12. Nbd4 Bd7 13. O-O-O Qf7 14. Kb1 Be7 15. Qc3 Kb8 16. Bd3 Qh5 17. Qa3 Nc8 18. Qb3 Nb6 19. Rhe1 Rhe8 20. Bf4 Bc5 21. Nb5 Rc8 22. Rxe8 Bxe8 23. Qg8 Bg6 24. Qxg7 Bxd3 25. Rxd3 Bxf2 26. Nxc7 Ne5 27. Nxe5 fxe5 28. Qxe5 Qxe5 29. Bxe5 1-0


[Site "https://www.chess.com"]

[Event "Titled Tuesday Blitz June 6 Early 2023"]
[White "Vifleemskaia, Svetlana"]
[Black "Jeet, Jain"]
[WhiteFideId "4129490"]
[BlackFideId "5073022"]
[WhiteElo "1930"]
[BlackElo "2067"]
[Result "0-1"]
[Round "2"]
[TimeControl "180+2"]
[Date "2023.06.06"]
[WhiteClock "0:00:02"]
[BlackClock "0:00:19"]
[Board "83"]

1. d4 c6 2. c4 d5 3. cxd5 cxd5 4. Bf4 Nc6 5. Nc3 Nf6 6. e3 a6 7. Bd3 e6 8. Rc1 Be7 9. Nf3 O-O 10. h3 Bd7 11. O-O b5 12. Ne5 Na5 13. b3 Rc8 14. Ne2 Ba3 15. Rxc8 Qxc8 16. Qc2 Qb7 17. Qd2 Nc6 18. Nc3 Rc8 19. Nb1 Bb4 20. Qe2 Ne7 21. a3 Ba5 22. b4 Bb6 23. Qb2 Ng6 24. Nxg6 hxg6 25. Rc1 Ra8 26. Nc3 Bd8 27. Bd6 Ne8 28. Bc5 Bc7 29. g3 Nd6 30. Bxd6 Bxd6 31. Kg2 g5 32. g4 g6 33. Ne2 Kg7 34. Ng3 a5 35. bxa5 Rxa5 36. Rb1 Bxa3 37. Qd2 b4 38. Qc2 Ba4 39. Qe2 b3 40. f4 b2 41. fxg5 Ra8 42. Qf3 Qe7 43. e4 dxe4 44. Nxe4 Rc8 45. Qg3 Qc7 46. Qh4 Rh8 47. Qg3 Qxg3+ 48. Kxg3 Bb3 49. Nd2 Ba2 50. Nf3 Bxb1 51. Bxb1 Rc8 0-1


[Site "https://www.chess.com"]

[Event "Titled Tuesday Blitz June 6 Early 2023"]
[White "Fiorito, Joaquin"]
[Black "Spichkin, Alexander"]
[WhiteFideId "180173"]
[BlackFideId "4144074"]
[WhiteElo "2199"]
[BlackElo "1986"]
[Result "0-1"]
[Round "2"]
[TimeControl "180+2"]
[Date "2023.06.06"]
[WhiteClock "0:00:14"]
[BlackClock "0:00:57"]
[Board "84"]

1. d4 e6 2. c4 f5 3. Nc3 Nf6 4. Nf3 Be7 5. Bf4 O-O 6. e3 d6 7. h3 Qe8 8. Be2 Nbd7 9. Qc2 c5 10. dxc5 Nxc5 11. O-O-O Nfe4 12. Nxe4 Nxe4 13. Bd3 e5 14. Bh2 Qc6 15. g4 Nc5 16. Be2 fxg4 17. hxg4 Rxf3 18. Bxe5 dxe5 19. Qxh7+ Kf7 20. g5 Bf5 21. Qh5+ g6 22. Qxf3 Qxf3 23. Bxf3 e4 24. Be2 Nd3+ 25. Bxd3 exd3 26. f3 Bxg5 27. Kd2 Re8 28. Rhe1 Kf6 29. Rc1 b6 30. c5 bxc5 31. Rxc5 Rb8 32. b3 Rh8 33. f4 Rh2+ 34. Kc3 Bh4 35. Rc1 Rxa2 36. Re5 d2 37. Rd1 Be1 38. e4 Bg4 39. Rb1 d1=Q+ 0-1


[Site "https://www.chess.com"]

[Event "Titled Tuesday Blitz June 6 Early 2023"]
[White "Todorovic, Bojan"]
[Black "Hua, Lefong"]
[WhiteFideId "917087"]
[BlackFideId "2602253"]
[WhiteElo "2266"]
[BlackElo "2645"]
[Result "0-1"]
[Round "2"]
[TimeControl "180+2"]
[Date "2023.06.06"]
[WhiteClock "0:00:07"]
[BlackClock "0:00:07"]
[Board "85"]

1. d4 Nf6 2. c4 c5 3. d5 e6 4. Nc3 exd5 5. cxd5 d6 6. Nf3 g6 7. Nd2 Nbd7 8. e4 Bg7 9. Be2 O-O 10. O-O Re8 11. Re1 g5 12. Qc2 Ne5 13. Nf1 h6 14. Ne3 a6 15. a4 Rb8 16. a5 Bd7 17. Bf1 g4 18. Bd2 Nh5 19. Nc4 Nxc4 20. Bxc4 Be5 21. g3 Qf6 22. Be3 Qg6 23. Rab1 f5 24. Bd3 f4 25. Bd2 Rbc8 26. Bf1 Rf8 27. Bg2 Rf7 28. b4 cxb4 29. Rxb4 Be8 30. Qb3 Qg7 31. Rc1 Rfc7 32. Ne2 f3 33. Rxc7 Rxc7 34. Nf4 Bxf4 35. gxf4 fxg2 36. e5 Kh7 37. Qd3+ Kh8 38. exd6 Rd7 39. Qf5 Nf6 40. Qe6 Bf7 41. Qe5 Ne8 42. Bc3 Kg8 43. Qe3 Qf8 44. Rb6 Nxd6 45. Bb4 Bxd5 46. Qe5 Qf5 47. Rxd6 Qxe5 48. fxe5 Rxd6 49. exd6 Bc6 50. Bc5 Kf7 51. Bb6 Ke6 52. Bc7 h5 53. Bb8 h4 54. Bc7 h3 55. Bb8 Kd5 56. Bc7 Kc4 57. Bb6 Kb4 58. Bc7 Kb5 59. Bb6 Bd7 60. Bc7 Kc6 61. Bb8 b5 62. axb6 Kxb6 63. Bc7+ Kb5 64. Bd8 a5 65. Bf6 a4 66. Bb2 Kc5 67. Ba3+ Kc4 68. f3 gxf3 69. Kf2 Kb3 70. Bc5 a3 71. Kxf3 a2 72. Bd4 a1=Q 73. Bxa1 g1=Q 0-1


[Site "https://www.chess.com"]

[Event "Titled Tuesday Blitz June 6 Early 2023"]
[White "Sadykov, Ramil"]
[Black "Zaksaite, Salomeja"]
[WhiteFideId "24113590"]
[BlackFideId "12801496"]
[WhiteElo "2245"]
[BlackElo "2059"]
[Result "1-0"]
[Round "2"]
[TimeControl "180+2"]
[Date "2023.06.06"]
[WhiteClock "0:00:09"]
[BlackClock "0:00:01"]
[Board "86"]

1. d4 Nf6 2. Nc3 d5 3. Bf4 c5 4. e4 Nxe4 5. Nxe4 dxe4 6. dxc5 Qa5+ 7. c3 Qxc5 8. Qa4+ Nc6 9. Qxe4 g6 10. Nf3 Bg7 11. Rd1 O-O 12. Rd5 Qb6 13. Rb5 Qd8 14. Rd5 Qb6 15. Rb5 Qd8 16. Bc4 Bf5 17. Qe3 a6 18. Rxb7 e5 19. Bg5 Qc8 20. Rb6 e4 21. Nd2 Ne5 22. Be2 Nd3+ 23. Kf1 Re8 24. Rg1 Rb8 25. g4 Rxb6 26. Qxb6 Bd7 27. Nxe4 Rxe4 28. Bxd3 Rxg4 29. Rxg4 Bxg4 30. Qd8+ Qxd8 31. Bxd8 Bc8 32. a4 Be5 33. Kg2 f5 34. Bb6 Kf7 35. h3 Ke6 36. Bc4+ Kd6 37. Kf3 Bb7+ 38. Ke3 Bg2 39. Ba7 f4+ 40. Kd3 Bf1+ 41. Ke4 Bxc4 42. Bb8+ Ke6 43. Bxe5 Bb3 44. Kxf4 Bxa4 45. Bd4 Bd1 46. Kg5 Bc2 47. Kh6 Kf7 48. Kxh7 Bd3 49. Kh6 Bc2 50. b4 Bd3 51. Kg5 Ke6 52. h4 Bc2 53. Kf4 Kd5 54. Kg5 Ke6 55. f4 Kd5 56. f5 gxf5 57. h5 f4 58. Kxf4 Ke6 59. Kg5 Kf7 60. h6 Bd3 61. Kf4 Ke6 62. Ke3 Bg6 63. c4 Kd6 64. b5 axb5 65. cxb5 Kc7 66. b6+ Kc6 67. Kf4 Bh7 68. Kg5 Bd3 69. Kf6 Kd5 70. b7 Kxd4 71. b8=Q 1-0


[Site "https://www.chess.com"]

[Event "Titled Tuesday Blitz June 6 Early 2023"]
[White "Bashirli, Saadat"]
[Black "Goroshkov, Maksym"]
[WhiteFideId "13429990"]
[BlackFideId "14142716"]
[WhiteElo "1408"]
[BlackElo "2322"]
[Result "1-0"]
[Round "2"]
[TimeControl "180+2"]
[Date "2023.06.06"]
[WhiteClock "0:00:08"]
[BlackClock "0:00:18"]
[Board "87"]

1. d4 Nf6 2. e3 d5 3. f4 Ne4 4. Nf3 Bf5 5. Bd3 Nd7 6. Nbd2 Ndf6 7. O-O h6 8. Qe2 e6 9. c3 c5 10. Ne5 c4 11. Bb1 Bd6 12. Ndf3 O-O 13. Bc2 b5 14. Bd2 a5 15. Rac1 b4 16. Rfe1 bxc3 17. Bxc3 Nxc3 18. bxc3 Ne4 19. Bxe4 Bxe4 20. Nd2 Bf5 21. e4 dxe4 22. Ndxc4 Bxe5 23. fxe5 Rb8 24. Ne3 Qb6 25. Qc2 Qb2 26. Re2 Qa3 27. Nc4 Qe7 28. Ne3 Rfc8 29. c4 Qd7 30. Rd2 Rb4 31. Rb1 Rcb8 32. Rxb4 Rxb4 33. a3 Rb8 34. d5 Qc7 35. d6 Qc5 36. Kf2 Qxe5 37. g3 Rd8 38. c5 Bh3 39. c6 Rxd6 40. Rxd6 Qxd6 41. c7 e5 42. g4 Qf6+ 43. Ke1 Qh4+ 44. Qf2 Qe7 45. c8=Q+ Kh7 46. Qcf5+ Kg8 47. Qc8+ Kh7 48. Qcc2 Qxa3 49. Qxe4+ Kg8 50. Qa8+ Kh7 51. Qf5+ g6 52. Qxf7# 1-0


[Site "https://www.chess.com"]

[Event "Titled Tuesday Blitz June 6 Early 2023"]
[White "Melikyan, Gnel"]
[Black "Rosh Jain"]
[WhiteFideId "54109990"]
[BlackFideId "25789465"]
[WhiteElo "2138"]
[BlackElo "2233"]
[Result "1-0"]
[Round "2"]
[TimeControl "180+2"]
[Date "2023.06.06"]
[WhiteClock "0:00:35"]
[BlackClock "0:00:03"]
[Board "88"]

1. d4 Nf6 2. Bf4 d5 3. e3 e6 4. c4 Bd6 5. Bxd6 Qxd6 6. Nc3 Nbd7 7. Nf3 c6 8. Be2 e5 9. cxd5 cxd5 10. dxe5 Nxe5 11. O-O a6 12. Qd2 O-O 13. Rfd1 Be6 14. Rac1 Rfd8 15. Nxe5 Qxe5 16. Bf3 Bg4 17. Qd4 Qxd4 18. Rxd4 Bxf3 19. gxf3 Rd7 20. Na4 Rad8 21. b4 Kf8 22. Kf1 Ke7 23. Ke2 Kd6 24. Kd2 Rc7 25. Nc5 Ra8 26. a4 b6 27. Ne4+ Nxe4+ 28. fxe4 Rxc1 29. Kxc1 Ke5 30. f4+ Kd6 31. Rxd5+ Ke6 32. Kd2 Rc8 33. Rd4 Rc6 34. e5 Rc7 35. Rd6+ Ke7 36. Rxb6 a5 37. bxa5 Rc5 38. Rb5 Rc4 39. f5 Rxa4 40. Kd3 Ra3+ 41. Kd4 Ra2 42. e4 Rxh2 43. Rb7+ Ke8 44. a6 Rd2+ 45. Kc5 Rc2+ 46. Kd6 Rd2+ 47. Kc7 Ra2 48. a7 Rc2+ 49. Kb8 Rd2 50. a8=Q Rd8+ 51. Ka7 Rxa8+ 52. Kxa8 h5 53. Kb8 g6 54. Kc7 g5 55. Kd6 Kf8 56. f6 Kg8 57. e6 fxe6 58. Ke7 h4 59. f7+ Kh7 60. Kf6 h3 61. f8=Q# 1-0


[Site "https://www.chess.com"]

[Event "Titled Tuesday Blitz June 6 Early 2023"]
[White "Balint, Vilmos"]
[Black "Vlassov, Nikolai"]
[WhiteFideId "718050"]
[BlackFideId "4103360"]
[WhiteElo "2034"]
[BlackElo "2324"]
[Result "0-1"]
[Round "2"]
[TimeControl "180+2"]
[Date "2023.06.06"]
[WhiteClock "0:01:36"]
[BlackClock "0:00:35"]
[Board "89"]

1. d4 Nf6 2. Nf3 e6 3. Bf4 c5 4. e3 b6 5. Be2 Bb7 6. O-O Be7 7. Nbd2 h6 8. h3 g5 9. Bh2 g4 10. hxg4 Nxg4 11. Bg3 h5 12. Ne5 f5 13. Bf3 Qc8 14. Ng6 Rg8 15. Nxe7 Kxe7 16. dxc5 bxc5 17. Nc4 d5 18. Nd6 Qd7 19. c4 h4 20. Bf4 Nf6 21. cxd5 Bxd5 22. Bxd5 Nxd5 23. Be5 Nc6 24. Bh2 h3 25. Qh5 Rxg2+ 26. Kh1 Rxh2+ 27. Kxh2 Qxd6+ 28. Kh1 Rf8 29. Rg1 Qe5 30. Rac1 Qe4+ 31. f3 Qxe3 32. Rce1 Qd4 33. Qxf5 Rxf5 0-1


[Site "https://www.chess.com"]

[Event "Titled Tuesday Blitz June 6 Early 2023"]
[White "Manukyan, Sargis V."]
[Black "Abrosimov, Vladimir"]
[WhiteFideId "13303465"]
[BlackFideId "4166892"]
[WhiteElo "2236"]
[BlackElo "2336"]
[Result "1-0"]
[Round "2"]
[TimeControl "180+2"]
[Date "2023.06.06"]
[WhiteClock "0:00:54"]
[BlackClock "0:01:47"]
[Board "90"]

1. d4 Nf6 2. Nf3 g6 3. c4 Bg7 4. Nc3 O-O 5. e4 d6 6. Be2 Nbd7 7. O-O e5 8. Be3 Re8 9. d5 Rf8 10. Ne1 Ne8 11. Nd3 f5 12. f3 f4 13. Bf2 g5 14. c5 dxc5 15. Nxc5 Nxc5 16. Bxc5 Nd6 17. Rc1 Bd7 18. Bf2 Rc8 19. b4 a6 20. a4 h5 21. b5 axb5 22. Nxb5 Bxb5 23. axb5 Qd7 24. h3 Nxb5 25. Qa4 c6 26. dxc6 bxc6 27. Rfd1 Qe7 28. Bc5 Qf7 29. Bc4 Kh7 30. Bxf7 Rxf7 31. Qa6 Rcc7 32. Bb6 Rcd7 33. Rxd7 Rxd7 34. Rxc6 Nd4 35. Bxd4 exd4 36. Rd6 Rc7 37. e5 Bxe5 38. Qd3+ Kh8 39. Re6 Bg7 40. Re8+ 1-0


[Site "https://www.chess.com"]

[Event "Titled Tuesday Blitz June 6 Early 2023"]
[White "Lee, Qing Aun"]
[Black "Schut, Han"]
[WhiteFideId "5804167"]
[BlackFideId "1005561"]
[WhiteElo "2179"]
[BlackElo "2024"]
[Result "1-0"]
[Round "2"]
[TimeControl "180+2"]
[Date "2023.06.06"]
[WhiteClock "0:01:54"]
[BlackClock "0:00:38"]
[Board "91"]

1. d4 Nf6 2. Nc3 d5 3. Bf4 e6 4. Nb5 Na6 5. e3 c6 6. Nc3 Nc7 7. Nf3 Nh5 8. Bg5 Be7 9. Bxe7 Qxe7 10. Ne5 Nf6 11. g4 Nd7 12. Nxd7 Bxd7 13. Bg2 e5 14. h3 exd4 15. Qxd4 Ne6 16. Qd2 d4 17. Ne4 dxe3 18. Nd6+ Kf8 19. fxe3 Nf4 20. O-O Nxg2 21. Rxf7+ Qxf7 22. Nxf7 Be6 23. Qd6+ Kxf7 24. Rf1+ 1-0


[Site "https://www.chess.com"]

[Event "Titled Tuesday Blitz June 6 Early 2023"]
[White "Afanasieva, Alexandra"]
[Black "Agibileg, Uurtsaikh"]
[WhiteFideId "34126926"]
[BlackFideId "4901606"]
[WhiteElo "1736"]
[BlackElo "2353"]
[Result "0-1"]
[Round "2"]
[TimeControl "180+2"]
[Date "2023.06.06"]
[WhiteClock "0:00:01"]
[BlackClock "0:00:48"]
[Board "92"]

1. e4 c5 2. Nf3 e6 3. d4 cxd4 4. Nxd4 Nc6 5. Nc3 Qc7 6. g3 a6 7. Bg2 Nf6 8. O-O Be7 9. Re1 O-O 10. Nxc6 bxc6 11. e5 Nd5 12. Nb1 Bb7 13. c4 Nb6 14. b3 d5 15. Nc3 Rad8 16. Qg4 Kh8 17. Bf4 Bb4 18. Rec1 dxc4 19. bxc4 Rd4 20. Ne4 Nxc4 21. Qh5 Be7 22. Rd1 c5 23. Rxd4 cxd4 24. Rc1 d3 25. Nf6 gxf6 26. exf6 Bd6 27. Bh6 Rg8 28. Bg7+ Rxg7 29. fxg7+ Kg8 30. Bxb7 d2 31. Rd1 Qxb7 32. Qe2 Qd5 33. h4 Ne5 34. Rb1 Nf3+ 35. Kf1 Nd4 36. Qxd2 Qh1# 0-1


[Site "https://www.chess.com"]

[Event "Titled Tuesday Blitz June 6 Early 2023"]
[White "Chemin, Justo Reinaldo"]
[Black "Principe, Gerson"]
[WhiteFideId "2101580"]
[BlackFideId "3804550"]
[WhiteElo "1940"]
[BlackElo "2229"]
[Result "1/2-1/2"]
[Round "2"]
[TimeControl "180+2"]
[Date "2023.06.06"]
[WhiteClock "0:00:08"]
[BlackClock "0:00:04"]
[Board "93"]

1. d4 Nf6 2. Nf3 e6 3. e3 b6 4. b3 Bb7 5. Bb2 Be7 6. c4 O-O 7. Nc3 d5 8. Bd3 Nbd7 9. Qc2 c5 10. cxd5 exd5 11. Ne5 Bd6 12. f4 a6 13. g4 cxd4 14. exd4 Ne4 15. Nxe4 dxe4 16. Bxe4 Qh4+ 17. Kf1 Bxe4 18. Qxe4 Nf6 19. Qf3 Bxe5 20. fxe5 Nxg4 21. Qg3 Qh5 22. Rg1 Qf5+ 23. Kg2 g6 24. Raf1 Qe4+ 25. Qf3 Ne3+ 26. Kh3 Qxf3+ 27. Rxf3 Nd5 28. Rgf1 Rac8 29. R1f2 Rc6 30. Kg4 f5+ 31. exf6 Rcxf6 32. Rxf6 Rxf6 33. Rxf6 Nxf6+ 34. Kf4 Kf7 35. Ke5 Ng4+ 36. Kd6 Nxh2 37. Kc7 Nf3 38. d5 Ng5 39. d6 Ne6+ 40. Kxb6 Nf8 41. Kc7 Ke6 42. Ba3 g5 43. Bc1 g4 44. Bf4 h5 45. b4 h4 46. a4 g3 47. b5 axb5 48. a5 Nd7 49. a6 g2 50. Bh2 Nc5 51. a7 Na6+ 52. Kb6 Nc7 53. a8=Q Nxa8+ 54. Kxb5 Kd7 55. Kc4 Nb6+ 56. Kd3 Nc8 57. Ke2 Nxd6 58. Kf2 Ke6 59. Kxg2 Nf5 60. Kh3 Kf6 61. Kg4 Nh6+ 62. Kxh4 1/2-1/2


[Site "https://www.chess.com"]

[Event "Titled Tuesday Blitz June 6 Early 2023"]
[White "LionKing2367890"]
[Black "Darini, Pouria"]
[BlackFideId "12502200"]
[WhiteElo "2142"]
[BlackElo "2482"]
[Result "0-1"]
[Round "2"]
[TimeControl "180+2"]
[Date "2023.06.06"]
[WhiteClock "0:00:45"]
[BlackClock "0:00:06"]
[Board "94"]

1. e4 c5 2. Nf3 Nc6 3. d4 cxd4 4. Nxd4 Nf6 5. f3 e5 6. Nb5 d6 7. c4 Be7 8. N1c3 a6 9. Na3 O-O 10. Be3 Be6 11. Be2 Rc8 12. O-O Nd4 13. Bxd4 exd4 14. Nd5 Bxd5 15. cxd5 Nd7 16. Qxd4 Bf6 17. Qb4 Qb6+ 18. Qxb6 Nxb6 19. Rab1 Rc5 20. b3 Ra5 21. Nc4 Rxa2 22. Nxb6 Bd4+ 23. Kh1 Bxb6 24. Bc4 Rc8 25. Rfc1 Be3 26. Re1 Bd4 27. Red1 Be5 28. Rdc1 g5 29. Rd1 b5 30. Bd3 Rc3 31. Bf1 h5 32. Rdc1 b4 33. Bc4 a5 34. Rd1 a4 35. Rdc1 a3 36. Rd1 Rcc2 37. Bf1 Rab2 38. Ra1 a2 39. Rdc1 Rxc1 40. Rxc1 Rb1 0-1


[Site "https://www.chess.com"]

[Event "Titled Tuesday Blitz June 6 Early 2023"]
[White "Svane, Rasmus"]
[Black "Srebrnic, Marko"]
[WhiteFideId "4657101"]
[BlackFideId "14603616"]
[WhiteElo "2601"]
[BlackElo "2341"]
[Result "1-0"]
[Round "2"]
[TimeControl "180+2"]
[Date "2023.06.06"]
[WhiteClock "0:02:00"]
[BlackClock "0:00:32"]
[Board "95"]

1. Nf3 Nf6 2. g3 g6 3. Bg2 Bg7 4. O-O O-O 5. d4 d6 6. Re1 Nc6 7. d5 e5 8. dxc6 bxc6 9. c4 Rb8 10. Nc3 Re8 11. e4 Nd7 12. b3 f5 13. Bg5 Nf6 14. exf5 gxf5 15. Nh4 e4 16. Qd2 Be6 17. Rad1 Qd7 18. f3 d5 19. cxd5 Nxd5 20. Nxd5 cxd5 21. fxe4 fxe4 22. Bxe4 c5 23. Bg2 c4 24. bxc4 Rb2 25. Qd3 Qf7 26. cxd5 Qf2+ 27. Kh1 Rd8 28. Rxe6 1-0


[Site "https://www.chess.com"]

[Event "Titled Tuesday Blitz June 6 Early 2023"]
[White "Zhigalko, Sergei"]
[Black "feuervogel1000000"]
[WhiteFideId "13502956"]
[WhiteElo "2626"]
[BlackElo "2503"]
[Result "1/2-1/2"]
[Round "2"]
[TimeControl "180+2"]
[Date "2023.06.06"]
[WhiteClock "0:00:04"]
[BlackClock "0:01:03"]
[Board "96"]

1. e4 e5 2. Nf3 Nc6 3. Bc4 Nf6 4. d3 Bc5 5. O-O O-O 6. Nbd2 d6 7. c3 a5 8. h3 h6 9. Re1 Be6 10. Bb5 Bb6 11. Nf1 Ne7 12. d4 c6 13. Bd3 Ng6 14. Ng3 Qd7 15. Be3 Bc7 16. Qc2 Nf4 17. Bf1 g5 18. Rad1 Qe7 19. Nf5 Bxf5 20. exf5 e4 21. Nh2 d5 22. g3 N4h5 23. Bc1 Ng7 24. g4 Qd6 25. f3 Qg3+ 26. Qg2 exf3 27. Nxf3 Ne4 28. Ne5 Bxe5 29. dxe5 Qxe5 30. Bd3 Rfe8 31. Bxe4 dxe4 32. Rd4 Rad8 33. Rdxe4 Qc5+ 34. Be3 Rxe4 35. Qxe4 Qd5 36. Qxd5 Rxd5 37. Bd4 Kf8 38. Re5 Rxe5 39. Bxe5 Ne8 40. Kf2 Ke7 41. Ke3 f6 42. Bb8 Kd7 43. Kd4 b6 44. a4 Nd6 45. Bxd6 Kxd6 46. b4 c5+ 47. Kc4 Kc6 48. bxc5 bxc5 49. Kd3 Kd5 50. c4+ Ke5 51. Ke3 Kd6 52. Kf3 Kc7 53. Ke4 Kd6 54. Kd3 Ke5 55. Ke3 Kd6 56. Ke4 Kc6 57. Ke3 Kd6 1/2-1/2


[Site "https://www.chess.com"]

[Event "Titled Tuesday Blitz June 6 Early 2023"]
[White "i_like_explosions"]
[Black "Bachmann, Axel"]
[BlackFideId "3700488"]
[WhiteElo "2451"]
[BlackElo "2605"]
[Result "1-0"]
[Round "2"]
[TimeControl "180+2"]
[Date "2023.06.06"]
[WhiteClock "0:02:05"]
[BlackClock "0:00:19"]
[Board "97"]

1. d4 Nf6 2. Bg5 g6 3. Bxf6 exf6 4. g3 Bg7 5. Bg2 O-O 6. e3 d5 7. Ne2 c6 8. O-O f5 9. Nd2 Be6 10. a4 Nd7 11. a5 a6 12. b4 Nf6 13. Nc3 Ne4 14. Ncxe4 fxe4 15. c4 Qd7 16. cxd5 cxd5 17. Nb3 Rad8 18. Qd2 Qe7 19. Rfc1 Rc8 20. Nc5 Rc7 21. Qb2 Rfc8 22. Qb3 Qd6 23. Rab1 Bd7 24. Bf1 Bc6 25. b5 Bxb5 26. Bxb5 axb5 27. Qxb5 Qc6 28. Qxc6 bxc6 29. a6 Ra7 30. Rb7 Rc7 31. Rxc7 Rxc7 32. Rb1 Bf8 33. Rb7 Rc8 34. a7 Bxc5 35. dxc5 Kg7 36. Rb8 1-0


[Site "https://www.chess.com"]

[Event "Titled Tuesday Blitz June 6 Early 2023"]
[White "Balla, Tamas-Kristof"]
[Black "Petrosyan, Manuel"]
[WhiteFideId "1208497"]
[BlackFideId "13300857"]
[WhiteElo "2334"]
[BlackElo "2576"]
[Result "0-1"]
[Round "2"]
[TimeControl "180+2"]
[Date "2023.06.06"]
[WhiteClock "0:00:12"]
[BlackClock "0:00:14"]
[Board "98"]

1. e4 c5 2. Nf3 d6 3. d4 cxd4 4. Qxd4 Nc6 5. Qe3 Nf6 6. h3 g6 7. Be2 Bg7 8. O-O O-O 9. Rd1 Qc7 10. c4 Na5 11. Nbd2 Nd7 12. Rb1 b6 13. b3 Bb7 14. Bb2 Bxb2 15. Rxb2 Rfd8 16. Rc2 Qc5 17. Qc3 Nc6 18. Rcc1 a5 19. e5 Ncxe5 20. Nxe5 Qxe5 21. Qd3 Nc5 22. Qe3 Qxe3 23. fxe3 f5 24. Bf3 Rab8 25. Bxb7 Rxb7 26. Nf3 Ne6 27. Rd2 Rc8 28. Rcd1 b5 29. cxb5 Rxb5 30. Nd4 Nxd4 31. exd4 Kf7 32. Re1 Rc7 33. d5 Rb4 34. Kf2 a4 35. Re3 axb3 36. axb3 Rcb7 37. Rdd3 R7b5 38. g4 f4 39. Rf3 g5 40. h4 h6 41. hxg5 hxg5 42. Rh3 Kg6 43. Ke2 Re4+ 44. Kd2 Re5 45. Kc3 Rc5+ 46. Kb4 Rcxd5 47. Rxd5 Rxd5 48. Kc4 Rc5+ 49. Kd4 e5+ 50. Ke4 Rb5 51. Rd3 Rb4+ 52. Kd5 e4 53. Rd1 e3 54. Kxd6 e2 55. Rc1 f3 56. Ke5 f2 57. Rc6+ Kf7 58. Rc7+ Ke8 0-1


[Site "https://www.chess.com"]